 Dungeon Crawl Stone Soup version 0.30-a0-1074-g5db6f66fbb (webtiles) character file.

Game seed: 17979239855197685257

1659 Pimp the Skirmisher (level 8, 0/48 HPs)
             Began as a Deep Elf Hunter on Apr 13, 2023.
             Slain by Maggie
             ... wielding a +0 war axe of distortion
              (10 damage)
             ... on level 6 of the Dungeon.
             The game lasted 00:22:32 (6435 turns).

Pimp the Skirmisher (Deep Elf Hunter)               Turns: 6435, Time: 00:22:33

Health: 0/48       AC:  7    Str:  8    XL:     8   Next: 68%
Magic:  15/15      EV: 15    Int: 17    God:
Gold:   315        SH:  0    Dex: 20    Spells: 14/14 levels left

rFire   . . .      SeeInvis .    o - +5 dagger of the Vestibule of Hell {heavy, rCorr Int+2}
rCold   . . .      Faith    .    (no shield)
rNeg    . . .      Spirit   .    c - +0 leather armour
rPois   .          Reflect  .    d - +1 hat
rElec   .          Rampage  .    m - +0 cloak
rCorr   +                        p - +1 pair of gloves
Will    .....                    (no boots)
Stlth   +++                      (no amulet)
HPRegen 0.28/turn                r - ring of flight
MPRegen 0.14/turn                (no ring)

@: flying, mesmerised
A: hooves 2
a: no special abilities


You were on level 6 of the Dungeon.
You visited 1 branch of the dungeon, and saw 6 of its levels.

You collected 315 gold pieces.

Inventory:

Hand Weapons
 a - a +1 shortbow of freezing
 l - a +0 long sword
 o - the +5 dagger of the Vestibule of Hell (weapon) {heavy, rCorr Int+2}
   (You took it off an orc on level 3 of the Dungeon)

   Int:       It affects your intelligence (+2).
   rCorr:     It protects you from acid and corrosion.
Armour
 c - a +0 leather armour (worn)
 d - a +1 hat (worn)
 m - a +0 cloak (worn)
 p - a +1 pair of gloves (worn)
 q - a +0 helmet
Magical Staves
 g - a staff of death
Jewellery
 r - a ring of flight (left hand)
Wands
 s - a wand of light (8)
Scrolls
 b - 2 scrolls of immolation
 j - a scroll of magic mapping
 v - a scroll of teleportation
Potions
 e - 3 potions of brilliance
 f - 2 potions of curing
 h - 3 potions of attraction
 i - a potion of lignification
 n - a potion of degeneration {unknown}


   Skills:
 + Level 4.2 Fighting
 + Level 4.0 Short Blades
 + Level 8.2 Ranged Weapons
 + Level 6.0 Dodging
 + Level 6.2 Stealth
 + Level 3.5 Spellcasting
 - Level 2.5 Necromancy


You had 14 spell levels left.
You didn't know any spells.
Your spell library contained the following spells:

 Spells                   Type           Power      Damage    Failure   Level
 Ozocubu's Armour         Ice            2%         N/A       58%         3
 Animate Armour           Summ/Erth      4%         N/A       94%         4
 Blade Hands              Tmut           1%         N/A       100%        5
 Metabolic Englaciation   Hex/Ice        1%         N/A       100%        5
 Summon Forest            Summ/Tloc      1%         N/A       100%        5
 Summon Mana Viper        Hex/Summ       2%         N/A       100%        5
 Iron Shot                Conj/Erth      1%         9d1       100%        6
 Simulacrum               Ice/Necr       3%         N/A       100%        6
 Summon Cactus Giant      Summ           1%         N/A       100%        6


Dungeon Overview and Level Annotations

Branches:
Dungeon (6/15)             Temple (0/1) D:6

Altars:
Fedhas
Trog
Xom

Shops:
D:4 :

Annotations:
D:6 Maggie


Innate Abilities, Weirdness & Mutations

You have hoof-like feet.


Message History

Aim: Maggie, wielding a +0 war axe of distortion and wearing +0 steam dragon scales (heavily wounded, 69% to hit)
You shoot an arrow.
The arrow hits Maggie but does no damage.
Maggie is heavily wounded.
Fire: a) +1 shortbow (freeze)
Press: ? - help, Q - select action, (/) - cycle Shift-Dir - straight line, f/p - Maggie
Aim: Maggie, wielding a +0 war axe of distortion and wearing +0 steam dragon scales (heavily wounded, 69% to hit)
You shoot an arrow. The arrow closely misses Maggie.
Maggie casts a spell at you. The bolt of fire hits you!
Fire: a) +1 shortbow (freeze)
Press: ? - help, Q - select action, (/) - cycle Shift-Dir - straight line, f/p - Maggie
Aim: Maggie, wielding a +0 war axe of distortion and wearing +0 steam dragon scales (heavily wounded, 69% to hit)
You shoot an arrow.
The arrow hits Maggie but does no damage.
Maggie is heavily wounded.
Maggie mumbles some strange words.
Maggie attempts to bespell you!
You are mesmerised by Maggie!
Unknown command.
Fire: a) +1 shortbow (freeze)
Press: ? - help, Q - select action, (/) - cycle Shift-Dir - straight line, f/p - Maggie
Aim: Maggie, wielding a +0 war axe of distortion and wearing +0 steam dragon scales (heavily wounded, mesmerising, 69% to hit)
You shoot an arrow. The arrow hits Maggie.
The arrow freezes Maggie.
Maggie is severely wounded.
Fire: a) +1 shortbow (freeze)
Press: ? - help, Q - select action, (/) - cycle Shift-Dir - straight line, f/p - Maggie
Aim: Maggie, wielding a +0 war axe of distortion and wearing +0 steam dragon scales (severely wounded, mesmerising, 69% to hit)
You shoot an arrow. The arrow barely misses Maggie.
Unknown command.
Your +1 shortbow of freezing stops glowing.
You feel clever.
o - the +5 dagger of the Vestibule of Hell (weapon)
{heavy, rCorr Int+2} Maggie hits you with a +0 war axe of distortion.
Space warps horribly around you!
* * * LOW HITPOINT WARNING * * *
Okay, then.
You feel better.
Maggie hits you with a +0 war axe of distortion!
You die...

.# ##...##
#.#
#........#
.# ##.##
#.#
###.......
##
#.#######.#
#.......
#.........#
#.....##
##.....####
###...#
#.......#
#>..##
#.....#.#
###...
#.....#.#
##.#.
###.###@#
#..#.
#.##.@.#
#...(
#........
#.##.
####...##.#
##.#. ##.##
# ##.. #.#
##. #.# #.
#.. ##.
#### ##.#


You could see Maggie (mesmerising).

Vanquished Creatures
  A steam dragon (D:6)
  A water moccasin (D:5)
  A sky beast (D:6)
  3 black bears
  3 ogres
  A scorpion (D:5)
  2 wights (D:6)
  2 jellies (D:6)
  3 hounds
  An orc priest (D:5)
  2 sleepcaps (D:5)
  A gnoll bouda (D:5)
  An iguana (D:5)
  5 orc wizards
  A hound zombie (D:3)
  2 hound skeletons (D:3)
  4 gnolls
  5 adders
  3 adder zombies (D:3)
  2 adder skeletons (D:3)
  3 worms
  3 dart slugs
  16 orcs
  7 endoplasms
  2 giant cockroaches (D:1)
  5 hobgoblins
  2 jackals (D:3)
  4 quokkas
  8 ball pythons
  3 bats
  3 frilled lizards
  5 goblins
  5 kobolds
  2 quokka skeletons (D:3)
  5 rats
117 creatures vanquished.

Vanquished Creatures (others)
  2 plants (D:3)
2 creatures vanquished.

Grand Total: 119 creatures vanquished

Notes
Turn   | Place    | Note
-------+----------+-------------------------------------------
     0 | D:1      | Pimp the Deep Elf Hunter began the quest for the Orb.
     0 | D:1      | Reached XP level 1. HP: 12/12 MP: 3/3
   203 | D:1      | You fall into a shaft and drop 1 floor!
   211 | D:1      | Reached XP level 2. HP: 17/17 MP: 4/4
   770 | D:2      | Reached XP level 3. HP: 21/21 MP: 5/5
  1785 | D:3      | Reached XP level 4. HP: 26/26 MP: 6/6
  1846 | D:3      | Identified the +5 dagger of the Vestibule of Hell {heavy,
                  | rCorr Int+2}
  2112 | D:3      | Reached skill level 6 in Ranged Weapons
  2265 | D:3      | Found a blossoming altar of Fedhas.
  2387 | D:3      | Reached XP level 5. HP: 29/31 MP: 7/7
  2831 | D:4      | Noticed a black bear
  2841 | D:4      | Killed a black bear
  2842 | D:4      | Reached skill level 1 in Short Blades
  3016 | D:4      | Reached XP level 6. HP: 28/36 MP: 8/8
  3782 | D:4      | Found Arasir's Vocational Training.
  3890 | D:4      | Reached XP level 7. HP: 41/41 MP: 9/9
  4249 | D:5      | Entered Level 5 of the Dungeon
  4282 | D:5      | Reached skill level 7 in Ranged Weapons
  4617 | D:5      | Reached skill level 5 in Dodging
  4617 | D:5      | Reached skill level 5 in Stealth
  4755 | D:5      | Reached skill level 1 in Spellcasting
  4755 | D:5      | Reached skill level 1 in Necromancy
  5096 | D:5      | Reached XP level 8. HP: 48/48 MP: 12/12
  5336 | D:6      | Found a staircase to the Ecumenical Temple.
  5591 | D:6      | Reached skill level 8 in Ranged Weapons
  6193 | D:6      | Found a bloodstained altar of Trog.
  6200 | D:6      | Found a shimmering altar of Xom.
  6407 | D:6      | Noticed Maggie
  6410 | D:6      | Gained mutation: You have large cloven feet. [potion of
                  | mutation]
  6410 | D:6      | Gained mutation: You have hoof-like feet. [potion of
                  | mutation]
  6435 | D:6      | Slain by Maggie

Illustrated notes

Levels and vault maps discovered:
D:1:      lightli_arrival_chessboard, layout_basic, hangedman_feature_mirror,
          chequers_mini_garden, minmay_tetromino_s4
D:2:      mumra_celtic_spiral_tile, layout_basic
D:3:      layout_loops_corners, fedhas_altar_1, serial_undead, serial_undead_a,
          serial_undead_e, serial_undead_e, serial_undead_c, serial_undead_f,
          serial_undead_d, serial_undead_e, serial_undead_e, serial_undead_a,
          serial_undead_e
D:4:      layout_cave_pods, nicolae_shop_vocational
D:5:      layout_basic, hellmonk_no_cap
D:6:      layout_loops_ring, amethyst_overflow_temple_binary,
          minmay_temple_entry_junction, uniq_maggie

Skill      XL: |  1  2  3  4  5  6  7  8 |
---------------+-------------------------+-----
Stealth        | 2 3 4 5 6 |  6.2
Fighting       | 2 3 4 |  4.2
Dodging        | 3 4 5 6 |  6.0
Ranged Weapons | 6 7 8 |  8.2
Short Blades   | 1 2 3 4 |  4.0
Spellcasting   | 1 3 |  3.5
Necromancy     | 1 2 |  2.5

Action                     |  1- 3 |  4- 6 |  7- 9 || total
---------------------------+-------+-------+-------++-------
  Melee: Long sword        |     2 |       |       ||     2
         Dagger            |       |    21 |    44 ||    65
         Kick              |       |       |     1 ||     1
   Fire: Shortbow          |    95 |   136 |   108 ||   339
    Use: Scroll            |     7 |     5 |     8 ||    20
         Potion            |       |     1 |     9 ||    10
   Stab: Sleeping          |       |     1 |       ||     1
 Armour: Leather armour    |     6 |    13 |    28 ||    47
  Dodge: Dodged            |    18 |    61 |    67 ||   146

Table legend: (Time is in decaauts)
 A = Elapsed time spent in this place.
 B = Non-inter-level travel time spent in this place.
 C = Inter-level travel time spent in this place.
 D = Time resting spent in this place.
 E = Time spent auto-exploring this place.
 F = Levels seen in this place.
 G = Mean time per level.
                   A        B        C        D        E       F      G
               +--------+--------+--------+--------+--------+-----+--------+
         Total |   6482 |   6082 |    400 |   1475 |   3312 |   6 | 1080.3 |
       Dungeon |   6482 |   6082 |    400 |   1475 |   3312 |   6 | 1080.3 |
               +--------+--------+--------+--------+--------+-----+--------+

Top non-repeatable levels by time:
     D:4: 1564 daAuts
     D:6: 1076 daAuts
     D:2: 1045 daAuts
     D:3: 1033 daAuts
     D:5: 1016 daAuts
     D:1: 746 daAuts
